 Dungeon Crawl Stone Soup version 0.24.0-1-gfbc8707 (webtiles) character file.

Game seed: 17451399470881703559, levelgen mode: deterministic

147 Faca the Chopper (level 5, -6/49 HPs)
             Began as a Hill Orc Monk on Oct 28, 2019.
             Mangled by an ogre
             ... wielding a +0 giant club
              (22 damage)
             ... on level 3 of the Dungeon.
             The game lasted 00:05:58 (3629 turns).

Faca the Chopper (Hill Orc Monk)                    Turns: 3629, Time: 00:05:59

Health: -6/49      AC:  7    Str: 15    XL:     5   Next: 29%
Magic:  5/5        EV:  8    Int: 10    God:
Gold:   132        SH:  7    Dex: 13    Spells: 4/4 levels left

rFire    . . .     SeeInvis .   a - +0 hand axe
rCold    . . .     Gourm    +   b - +0 shield
rNeg     . . .     Faith    .   i - +1 ring mail
rPois    .         Spirit   .   o - +0 helmet
rElec    .         Reflect  .   (no cloak)
rCorr    .         Harm     .   (no gloves)
MR       .....                  (no boots)
Stlth    +.........             f - amulet of the gourmand
HPRegen  0.16/turn              (no ring)
MPRegen  0.09/turn              (no ring)

@: no status effects
A: no striking features
a: no special abilities


You were on level 3 of the Dungeon.
You were completely stuffed.

You visited 1 branch of the dungeon, and saw 4 of its levels.

You collected 132 gold pieces.

Inventory:

Hand Weapons
 a - a +0 hand axe (weapon)
 r - a +2 mace of crushing
Armour
 b - a +0 shield (worn)
 i - a +1 ring mail (worn)
 o - a +0 helmet (worn)
Jewellery
 f - an amulet of the gourmand (around neck)
Scrolls
 n - a scroll of remove curse
 p - a scroll of enchant armour
Potions
 d - 2 potions of lignification {unknown}
 e - a potion of magic
 g - a potion of brilliance
 h - a potion of curing {unknown}
 j - a potion of mutation
 k - a potion of cancellation {unknown}
 l - a potion of agility {unknown}
 m - 2 potions of might
 s - 2 potions of berserk rage {unknown}
Comestibles
 c - 11 rations
 q - a chunk of flesh


   Skills:
 + Level 5.6 Fighting
 + Level 6.1 Axes
 - Level 2.4 Dodging
 - Level 1.5 Stealth


You had 4 spell levels left.
You didn't know any spells.
Your spell library was empty.

Dungeon Overview and Level Annotations

Branches:
Dungeon (4/15)
 Temple: D:4-7

Altars:
Vehumet


Message History

The ogre shouts!
You see here a ration.
c - 11 rations (gained 1)
There is a stone staircase leading up here.
You block the ogre's attack.
You climb upwards.
There is a stone staircase leading down here.
You hit the ogre.
The ogre is lightly wounded.
The ogre hits you with a +0 giant club!!
Ouch! That really hurt!
You hit the ogre.
The ogre is lightly wounded.
The ogre hits you with a +0 giant club.
You hit the ogre.
The ogre is moderately wounded.
You slash the ogre!
The ogre is heavily wounded.
The ogre hits you with a +0 giant club!!
You die...

..###.....####'######### #.#
.## ##...## #.#.......# #.#
#######'#### #.#.#####.# #.#
...........###.#.#####.# #.#
....................##.# #.#
...........#.....#...#.# #.#
#######'#####....).....###(#
†## ##..÷## ##.#.O.........#
..###..)..## #.#@......#####
...#.......# #.###...###
...#.......# #.# ##.##
...#.......# #.# ###
..###.....## #.# .## ##...##
#.# ## ##### #.# #.#
#########.#


You could see an ogre.

Vanquished Creatures
  A hound (D:4)
  5 adders
  An ooze (D:2)
  2 dart slugs (D:2)
  10 bats
  2 giant cockroaches
  10 goblins
  11 hobgoblins
  3 jackals (D:1)
  2 kobolds (D:1)
  A quokka (D:2)
  6 frilled lizards
  A quokka skeleton (D:4)
  7 rats
62 creatures vanquished.

Notes
Turn   | Place    | Note
-------+----------+-------------------------------------------
     0 | D:1      | Faca the Hill Orc Monk began the quest for the Orb.
     0 | D:1      | Reached XP level 1. HP: 19/19 MP: 1/1
   203 | D:1      | Reached XP level 2. HP: 23/27 MP: 2/2
   591 | D:1      | Reached XP level 3. HP: 28/34 MP: 3/3
  1306 | D:2      | Reached skill level 5 in Axes
  1769 | D:2      | Reached XP level 4. HP: 32/41 MP: 4/4
  2310 | D:2      | Reached skill level 5 in Fighting
  3552 | D:4      | Found a radiant altar of Vehumet.
  3568 | D:4      | Reached XP level 5. HP: 48/48 MP: 5/5
  3587 | D:4      | Reached skill level 6 in Axes
  3615 | D:4      | Noticed an ogre
  3617 | D:4      | Noticed an ogre
  3629 | D:3      | Mangled by an ogre

Levels and vault maps discovered:
D:1:      lightli_arrival_farm, layout_basic, minmay_pentomino_t2
D:2:      layout_basic, minmay_distorted
D:3:      kennysheep_six_static_rooms, layout_loops_corners
D:4:      layout_rooms, nicolae_overflow_crystal_walls, kennysheep_mini_moat,
          chequers_temple_overflow_minitemple, led_sif_book, marbit_many_paths,
          first_ration, ebering_ghost_gozag, minmay_quadrilaterals

Skill      XL: |  1  2  3  4  5 |
---------------+----------------+-----
Fighting       | 4 5 |  5.6
Axes           | 5 6 |  6.1
Dodging        | |  2.4
Stealth        | |  1.5

Action                   |  1- 3 |  4- 6 || total
-------------------------+-------+-------++-------
Melee: Hand axe          |   186 |   102 ||   288
  Use: Scroll            |       |    10 ||    10
 Stab: Sleeping          |     1 |     1 ||     2
  Eat: Chunk             |     8 |     9 ||    17
Armor: Robe              |     6 |       ||     6
       Ring mail         |    66 |    34 ||   100
Dodge: Dodged            |   140 |    31 ||   171
Block: Shield            |       |    27 ||    27
